General information
			
			
        
        - name: GRUDGE
 
        - type: Custom game
 
        - host: GOKUMaN69
 
        - saver: blinn
 
        
map: EchoIsles 
        - players: 11
 
        - length: 18:47
 
        - speed: Fast
 - version: 1.22 W3XP
 - replay type:  

 
» download(49 KB)
Players
        team 1 (loser) 
              
              
3DGAYWORLD (
blue | 75 APM | 1414 actions | 18:46)
              
 4 Blademaster 
 2 Wind Walk
 2 Critical Strike
 3 Shadow Hunter 
 2 Healing Wave
 1 Hex
 
                » actions 
                
                | Assign group hotkey | 6 |  | 
| Basic commands | 84 |  | 
| Build / train | 65 |  | 
| Enter build submenu | 23 |  | 
| Enter hero's abilities submenu | 7 |  | 
| Give item / drop item | 2 |  | 
| Right click | 645 |  | 
| Select / deselect | 469 |  | 
| Select group hotkey | 13 |  | 
| Use ability | 99 |  | 
                1414 total
 » units 
                
                | Peon | 9 |  | 
| Grunt | 9 |  | 
| Raider | 7 |  | 
| Shaman | 3 |  | 
                28 total
 » upgrades
                
                | Melee Weapons | 3 |  | 
| Berserker Strength | 1 |  | 
| Armor | 2 |  | 
| Ensnare | 1 |  | 
| Pillage | 1 |  | 
| Shaman Training | 2 |  | 
                10 total
 » buildings
                
                | Altar of Storms | 2 |  | 
| Orc Burrow | 5 |  | 
| Voodoo Lounge | 2 |  | 
| Barracks | 1 |  | 
| War Mill | 1 |  | 
| Stronghold | 1 |  | 
| Beastiary | 1 |  | 
| Fortress | 1 |  | 
| Spirit Lodge | 1 |  | 
| Great Hall | 1 |  | 
| Watch Tower | 6 |  | 
                22 total
 » build order
                00:06 Altar of Storms
00:08 Orc Burrow
00:12 Altar of Storms
00:45 Voodoo Lounge
00:56 Voodoo Lounge
01:20 Barracks
01:57 Orc Burrow
03:13 War Mill
03:42 Orc Burrow
04:57 Stronghold
07:41 Beastiary
08:19 Fortress
09:18 Orc Burrow
10:21 Spirit Lodge
13:57 Orc Burrow
14:05 Great Hall
15:17 Watch Tower
15:49 Watch Tower
15:55 Watch Tower
16:22 Watch Tower
16:33 Watch Tower
18:24 Watch Tower
» items
                
                | Scroll of Speed | 1 |  | 
| Healing Salve | 4 |  | 
| Lesser Clarity Potion | 9 |  | 
| Potion of Healing | 1 |  | 
| Potion of Mana | 1 |  | 
                16 total
  
               observersGOKUMaN69, 
Dexanth, 
GWBushIn2008, 
TALONSAREIMBA, 
ZentraediEIite, 
evil_pengoon, 
Slushie, 
Rezifut, 
Chopstix, 
blinn Chat log
          (00:04 / Observers) Chopstix: i thought john was gokuman?
(00:05 / Observers) TALONSAREIMBA: sweet micro
(00:05 / Observers) TALONSAREIMBA: by 
(00:06 / Observers) Dexanth: Look at that micro
(00:07 / Observers) TALONSAREIMBA: comp insane
(00:08 / Observers) Slushie: ahahaa
(00:08 / Observers) TALONSAREIMBA: wtf
(00:13 / Observers) GWBushIn2008: john is 3dgayworld
(00:20 / Observers) TALONSAREIMBA: no J_M is gokuman
(00:21 / Observers) Dexanth: 3dgayworld a few seconds behind
(00:24 / Observers) Dexanth: on alatar
(00:25 / Observers) Chopstix: uh so who is gokuman than
(00:29 / All) 3DGAYWORLD: my old nemesis......
(00:32 / Observers) TALONSAREIMBA: I bet J_M couldn't beat a comp insane
(00:33 / Observers) Dexanth: Computer(Insane) bad base placement
(00:35 / Observers) GWBushIn2008: roaster_urban
(00:52 / All) 3DGAYWORLD: your silence says it all
(00:55 / Observers) Chopstix: i dont think the computer could handle towers though hes not going
(00:58 / Observers) TALONSAREIMBA: j_m take me up on this challenge?
(01:07 / Observers) TALONSAREIMBA: or are you going to dodge
(01:07 / Observers) Dexanth: Computers are bad vs batmaster
(01:12 / Observers) Dexanth: It will win like every time
(01:21 / Observers) Dexanth: Ive always wondered
(01:26 / Observers) Dexanth: do comps choose heroes completely randomly
(01:32 / Observers) Chopstix: i dont think the computer can spend the 2x resources it gets fast enough
(01:45 / Observers) TALONSAREIMBA: funny thing is the comp's base is better than most HU players in this game.
(01:46 / Observers) Dexanth: AM always seems to go WE
(01:49 / Observers) Dexanth: so I dunno about that
(02:02 / Observers) GWBushIn2008: wow 20 gold this is gonna be exciting
(02:03 / Observers) Slushie: Why does the computer get 2x resources?
(02:03 / Observers) Dexanth: its better than gayworlds base
(02:07 / Observers) Chopstix: its on insane
(02:09 / Observers) Dexanth: ^
(02:13 / Observers) Chopstix: look at the AI
(02:15 / Observers) Dexanth: I forgot about that
(02:15 / Observers) Chopstix: guarding its peasents
(02:16 / Observers) TALONSAREIMBA: slushi you wann go gaint comp insane?
(02:25 / Observers) Slushie: hell no
(02:31 / Observers) TALONSAREIMBA: what a kinda: !!!!!
(02:34 / Observers) Chopstix: i came here thinking j_m would play against a computer
(02:36 / Observers) GWBushIn2008: you'd have to be suicidal to 
(02:38 / Observers) Chopstix: i am disappointed
(02:40 / Observers) Dexanth: I mean if it were good it would be teching by now
(02:41 / Observers) Dexanth: also
(02:45 / Observers) Dexanth: it would have arcane in base
(02:45 / All) 3DGAYWORLD: n00b
(02:50 / Observers) Chopstix: lawl
(02:51 / Observers) Dexanth: though
(02:52 / Observers) Chopstix: it rings the bell
(02:56 / Observers) Dexanth: instant CtA hilarious
(03:03 / Observers) Chopstix: ahahhah
(03:06 / Observers) TALONSAREIMBA: blue is going to lose
(03:07 / Observers) Dexanth: The best part is
(03:09 / Observers) TALONSAREIMBA: to this insane micro
(03:12 / Observers) Dexanth: the CTA doesnt matter as resources go
(03:13 / Observers) Chopstix: computer is bad  as i remember it to be
(03:21 / Observers) TALONSAREIMBA: chopstix COULD u
(03:22 / Observers) TALONSAREIMBA: beat it
(03:32 / Observers) Rezifut: 3dgayworld pwns
(03:38 / Observers) Rezifut: took out one peasant with 3 wws
(03:41 / Observers) GOKUMaN69: chopstix vs insane comp next
(03:45 / Observers) GOKUMaN69: dont dodge
(03:48 / Observers) Dexanth: I'll play insane comp
(03:55 / Observers) Dexanth: It will be nice and relaxing
(04:00 / Observers) GWBushIn2008: noo
(04:03 / Observers) GOKUMaN69: can u handle it?
(04:04 / Observers) GWBushIn2008: you'[ll get crushed and everyone will laugh at you
(04:07 / All) 3DGAYWORLD: wtf
(04:07 / Observers) Dexanth: Pfff
(04:08 / Observers) Rezifut: LOL
(04:09 / All) 3DGAYWORLD: speedbuilt blacksmith
(04:43 / Observers) TALONSAREIMBA: rofl he's losing
(04:45 / Observers) TALONSAREIMBA: dam
(04:48 / Observers) Rezifut: hes horrible
(04:54 / Observers) Dexanth: I'm going to seriouscraft against it as UD
(04:59 / Observers) GWBushIn2008: hje's actually really good it's jsut the comp's a lot better
(05:01 / Observers) TALONSAREIMBA: u wanna 1v1 me
(05:02 / Observers) TALONSAREIMBA: dexanth
(05:05 / Observers) Dexanth: Oh wait
(05:07 / Observers) Dexanth: its random
(05:09 / Observers) Dexanth: and mirror is lame
(05:10 / Observers) TALONSAREIMBA: 1v1?
(05:10 / Observers) Dexanth: sooo
(05:11 / Observers) TALONSAREIMBA: dexanth
(05:24 / Observers) GOKUMaN69: tALon vs dex
(05:28 / Observers) TALONSAREIMBA: yup
(05:31 / Observers) Dexanth: Eh I guess
(05:34 / Observers) Chopstix: look at them burrows tear things up
(05:37 / Observers) Dexanth: but sayin now I am not used to this keyboard :V
(05:37 / Observers) TALONSAREIMBA: rofl
(05:42 / Observers) TALONSAREIMBA: rofl
(05:44 / All) 3DGAYWORLD: LOL
(05:46 / Observers) TALONSAREIMBA: rofl
(05:49 / Observers) GOKUMaN69: gg
(05:53 / Observers) TALONSAREIMBA: how u lose to comp insane
(05:53 / Observers) TALONSAREIMBA: lol
(05:56 / Observers) GOKUMaN69: good job meh comp
(06:02 / Observers) Dexanth: Kills sheep out of spite
(06:24 / Observers) Chopstix: i dont see 3dgay winning this one
(06:36 / Observers) Slushie: not at all
(06:40 / Observers) Dexanth: computer insane has forgotten what teching means
(06:42 / Observers) evil_pengoon: get towers
(06:45 / Observers) evil_pengoon: prob solved
(06:46 / Observers) TALONSAREIMBA: no comp insane
(06:46 / Observers) Chopstix: lol
(06:47 / Observers) TALONSAREIMBA: knows
(06:51 / Observers) Chopstix: 2500 gold/wood
(07:01 / Observers) TALONSAREIMBA: comp insane is adaptable
(07:04 / Observers) Dexanth: oic, hes just hoarding cash to mock
(07:06 / Observers) TALONSAREIMBA: the better you are
(07:09 / Observers) Chopstix: its adapting
(07:11 / Observers) TALONSAREIMBA: the better comp insane is
(07:17 / Observers) Dexanth: scrub move if you are grunt creeping kill the trolls first
(07:20 / Observers) Chopstix: the AI is adapting, evolving if you will
(07:24 / Observers) TALONSAREIMBA: yes
(07:29 / Observers) GOKUMaN69: the insane computer is skynet
(07:32 / Observers) Chopstix: it is a technoogranic intelligent learning AI
(07:33 / Observers) TALONSAREIMBA: i have an edited comp insane script
(07:34 / Observers) TALONSAREIMBA: that
(07:36 / Observers) TALONSAREIMBA: plays like grubby
(07:41 / Observers) Dexanth: hahaha
(07:44 / Observers) TALONSAREIMBA: im not joking
(07:47 / Observers) Chopstix: 2 on gold btw
(07:54 / Observers) Dexanth: this is so good
(07:55 / Observers) TALONSAREIMBA: you can edit the game's ai
(08:16 / Observers) TALONSAREIMBA: 3d gayworld will lose to comp insane
(08:16 / Observers) Slushie: anyone else amused at how futile his denying the comp resources is?
(08:18 / Observers) Dexanth: he should just go lusttauren
(08:21 / Observers) GOKUMaN69: again
(08:22 / Observers) Dexanth: thats the only way he can win
(08:33 / Observers) Chopstix: he might lose to a tier 1 single barrack AI
(08:35 / Observers) TALONSAREIMBA: god fucking matheson
(08:41 / Observers) blinn: it ain't JM
(08:48 / Observers) blinn: will the real john matheson.. please stand up
(08:54 / Observers) GOKUMaN69: I am Jm helo
(08:57 / Observers) TALONSAREIMBA: He just a scrub
(08:59 / Observers) Chopstix: i dont remember the AI being this seriously bad
(09:10 / Observers) blinn: This summer... Being John Matheson
(09:10 / Observers) Dexanth: It lost footie to creeps
(09:11 / Observers) TALONSAREIMBA: Chopstix if hes bad why dont u 1v1 him bro.
(09:14 / Observers) TALONSAREIMBA: huh?
(09:20 / Observers) Dexanth: Jesus thats pro micro right there
(09:24 / Observers) GOKUMaN69: gonna watch that movie
(09:26 / Observers) TALONSAREIMBA: Epic dodging of the comp insane by chopstix.
(09:26 / Observers) blinn: forgot the tome
(09:27 / Observers) Chopstix: "ALRIGHT BRO" YOU GOT IT BRO"
(09:42 / Observers) TALONSAREIMBA: Chopstix whats your name, hobby, and occupation.
(09:43 / Observers) Dexanth: Oh hello Luna, it appears you want to go outside but instead you can sit in my lap and be petted
(09:53 / Observers) blinn: the infamous "1k lumber, 1 beastiary" build
(10:03 / Observers) TALONSAREIMBA: I saw dat
(10:06 / Observers) TALONSAREIMBA: in a 3dgayworld replay
(10:43 / Observers) TALONSAREIMBA: what a kinda::: !!!!
(11:02 / Observers) TALONSAREIMBA: rofl
(11:02 / Observers) TALONSAREIMBA: nice
(11:05 / Observers) TALONSAREIMBA: micro by the comp
(11:06 / Observers) TALONSAREIMBA: shit
(11:12 / Observers) TALONSAREIMBA: look at this
(11:14 / Observers) Chopstix: so
(11:17 / Observers) TALONSAREIMBA: yo i dont care man
(11:21 / Observers) Chopstix: level 1 aura level 1 blizzard level 2 WE
(11:21 / Observers) Dexanth: nevermind hes too horrible
(11:27 / Observers) Dexanth: wat
(11:28 / Observers) Dexanth: wat
(11:37 / Observers) TALONSAREIMBA: rofl
(11:40 / Observers) TALONSAREIMBA: dam
(11:42 / Observers) TALONSAREIMBA: son
(11:43 / Observers) TALONSAREIMBA: dam
(11:51 / Observers) TALONSAREIMBA: rofl
(11:53 / Observers) Dexanth: jesus gayworld
(11:58 / Observers) Dexanth: a tiny bit of micro
(12:00 / Observers) TALONSAREIMBA: man i just wanna leave dis rofl
(12:02 / Observers) Dexanth: and you could kill 4 more footies
(12:09 / Observers) TALONSAREIMBA: DAM
(12:10 / Observers) TALONSAREIMBA: 10 PEASEANT
(12:13 / Observers) TALONSAREIMBA: FAST BUILD
(12:16 / Observers) TALONSAREIMBA: holy
(12:17 / Observers) TALONSAREIMBA: shit
(12:20 / Observers) TALONSAREIMBA: what innovation
(12:21 / Observers) blinn: the fastest build in the west
(12:24 / Observers) Slushie: ahahaha
(12:27 / Observers) TALONSAREIMBA: DAAAM
(12:29 / Observers) GOKUMaN69: he has the Bags of gold for it
(12:34 / Observers) TALONSAREIMBA: rofl
(12:35 / Observers) GWBushIn2008: ahahha
(12:37 / Observers) TALONSAREIMBA: WOAH
(12:39 / Observers) TALONSAREIMBA: THE FASTEST
(12:41 / Observers) TALONSAREIMBA: PEASENT SPLIT
(12:43 / Observers) TALONSAREIMBA: IVE EVER SEEN
(13:21 / Observers) TALONSAREIMBA: i once 7v1
(13:24 / Observers) TALONSAREIMBA: 7 easy comps
(13:29 / Observers) TALONSAREIMBA: it was pretty hard
(13:37 / Observers) blinn: i once 6v1   6 of my shitnoob friends
(13:44 / Observers) blinn: but they ended up winning... it was close though
(13:46 / Observers) TALONSAREIMBA: Did you post the replay?
(13:58 / Observers) TALONSAREIMBA: its always mannered
(13:58 / Observers) blinn: no it was like 1.12 it is lost in the myst of thyme..
(14:01 / Observers) TALONSAREIMBA: to post the replay
(14:03 / Observers) TALONSAREIMBA: if you won
(14:08 / Observers) Chopstix: now the computer moves into gear
(14:11 / Observers) Chopstix: startsspamming units
(14:14 / Observers) TALONSAREIMBA: dude
(14:17 / Observers) TALONSAREIMBA: he has so much micro
(14:20 / Observers) TALONSAREIMBA: splitting his forces
(14:22 / Observers) TALONSAREIMBA: into two groups
(14:24 / Observers) TALONSAREIMBA: defensive and offensive
(14:35 / Observers) Rezifut: TOWA STRAT
(14:36 / Observers) Chopstix: lol
(14:37 / Observers) Chopstix: nice fs
(14:39 / Observers) TALONSAREIMBA: rofl
(14:50 / Observers) TALONSAREIMBA: oh od
(14:50 / Observers) Chopstix: lawl
(14:52 / Observers) TALONSAREIMBA: oh god
(14:54 / Observers) GWBushIn2008: YES
(14:57 / Observers) evil_pengoon: SHITNOOB
(14:58 / Observers) Rezifut: PEBBLER BUILD SOME FUCKING TOWERS IN THE BACK OF MY BASE WTF
(15:01 / Observers) TALONSAREIMBA: Dam the computer cleaned up
(15:13 / Observers) TALONSAREIMBA: yo this is pretty sad
(15:15 / Observers) TALONSAREIMBA: lol
(15:16 / Observers) Chopstix: its tri-hero time
(15:21 / Observers) Rezifut: im just amazed
(15:23 / Observers) TALONSAREIMBA: Who's idea was this?
(15:26 / Observers) TALONSAREIMBA: Rofl
(15:34 / Observers) GOKUMaN69: mine
(15:35 / Observers) TALONSAREIMBA: was he like
(15:41 / Observers) TALONSAREIMBA: Oh yeah I'd kick the shit out of comp insane
(15:47 / Observers) Chopstix: moves so slowly
(15:50 / Observers) GOKUMaN69: he lost last time
(15:52 / Observers) ZentraediEIite: formation
(15:53 / Observers) TALONSAREIMBA: he has formation on
(15:56 / Observers) ZentraediEIite: the silent backstabber
(16:06 / Observers) TALONSAREIMBA: J_M
(16:11 / Observers) TALONSAREIMBA: is this guy one of yours
(16:16 / Observers) GOKUMaN69: nope
(16:22 / Observers) TALONSAREIMBA: So you disowned him
(16:23 / Observers) TALONSAREIMBA: as of now
(16:27 / Observers) GOKUMaN69: nope
(16:36 / Observers) GOKUMaN69: dude
(16:37 / Observers) Rezifut: gokuman owns me and i own 3dgayworld
(16:41 / Observers) Rezifut: so in a way yes
(16:44 / Observers) TALONSAREIMBA: I would destroy
(16:47 / Observers) TALONSAREIMBA: john
(16:47 / Observers) GWBushIn2008: 3dgayworld is a mutt
(16:49 / Observers) TALONSAREIMBA: in a 1v1
(16:57 / Observers) TALONSAREIMBA: I would be so far upp Matheson's butt
(16:59 / Observers) Dexanth: Deskcat yay
(17:02 / Observers) GWBushIn2008: eww are u gay haha
(17:05 / Observers) Dexanth: Kitties are so nice
(17:11 / Observers) Dexanth: Maybe I should make her a monitor  cat
(17:29 / Observers) Dexanth: Hmm now she's window ledge kitty
(17:46 / Observers) TALONSAREIMBA: hero focusss
(17:56 / Observers) TALONSAREIMBA: dam comp's micro
(17:57 / Observers) TALONSAREIMBA: is amazin
(18:05 / Observers) Rezifut: how did
(18:09 / Observers) Rezifut: how did he lose his blademaster
(18:10 / Observers) TALONSAREIMBA: the comp micros
(18:12 / Observers) TALONSAREIMBA: better than 
(18:18 / Observers) TALONSAREIMBA: holy shit
(18:37 / All) 3DGAYWORLD: oh god
(18:38 / All) 3DGAYWORLD: not again
(18:42 / All) 3DGAYWORLD: GG
(18:44 / Observers) TALONSAREIMBA: rofl
(18:45 / Observers) Rezifut: LOL